 Dungeon Crawl Stone Soup version 0.25.1-2-g60ff931df9 (webtiles) character file.

Game seed: 15165839348766473167

63 gbos the Shield-Bearer (level 4, -1/41 HPs)
             Began as a Gnoll Fighter on Nov 19, 2020.
             Succumbed to Ijyb's poison
             ... on level 2 of the Dungeon.
             The game lasted 00:00:15 (1203 turns).

gbos the Shield-Bearer (Gnoll Fighter)              Turns: 1203, Time: 00:00:15

Health: -1/41      AC:  7    Str: 18    XL:     4   Next: 10%
Magic:  5/5        EV:  8    Int: 11    God:
Gold:   33         SH: 10    Dex: 15    Spells: 5/5 levels left

rFire    . . .     SeeInvis .   Y - +0 war axe
rCold    . . .     Gourm    .   c - +0 kite shield
rNeg     . . .     Faith    .   b - +0 scale mail
rPois    .         Spirit   .   (no helmet)
rElec    .         Reflect  .   (no cloak)
rCorr    .         Harm     .   (no gloves)
MR       .....                  (no boots)
Stlth    ..........             (no amulet)
HPRegen  0.13/turn              (no ring)
MPRegen  0.09/turn              (no ring)

@: lethally poisoned (-1 -> -44)
A: distributed training, fangs 1, strong nose
a: no special abilities


You were on level 2 of the Dungeon.
You were not hungry.

You visited 1 branch of the dungeon, and saw 2 of its levels.

You collected 33 gold pieces.


Innate Abilities, Weirdness & Mutations

Your experience applies equally to all skills.
You have very sharp teeth.
Your uncanny sense of smell can sniff out nearby items.


   Skills:
 + Level 6.5 Fighting
 + Level 1.0 Short Blades
 + Level 1.0 Long Blades
 + Level 4.6 Axes
 + Level 1.0 Maces & Flails
 + Level 1.0 Polearms
 + Level 1.0 Staves
 + Level 1.0 Slings
 + Level 1.0 Bows
 + Level 1.0 Crossbows
 + Level 1.0 Throwing
 + Level 6.5 Armour
 + Level 1.0 Dodging
 + Level 1.0 Stealth
 + Level 6.5 Shields
 + Level 1.0 Unarmed Combat
 + Level 1.0 Spellcasting
 + Level 0.7 Conjurations
 + Level 0.7 Hexes
 + Level 0.7 Charms
 + Level 0.7 Summonings
 + Level 0.7 Necromancy
 + Level 0.7 Translocations
 + Level 0.7 Transmutations
 + Level 0.7 Fire Magic
 + Level 0.7 Ice Magic
 + Level 0.7 Air Magic
 + Level 0.7 Earth Magic
 + Level 0.7 Poison Magic
 + Level 1.1 Invocations
 + Level 1.0 Evocations


You had 5 spell levels left.
You didn't know any spells.
Your spell library was empty.

Inventory:

Hand Weapons
 e - a +0 club
 Y - a +0 war axe (weapon)
Armour
 b - a +0 scale mail (worn)
 c - a +0 kite shield (worn)
Scrolls
 g - a scroll of immolation {unknown}
Potions
 d - a potion of might
Comestibles
 a - 3 chunks of flesh
 f - 2 rations

Dungeon Overview and Level Annotations

Branches:
Dungeon (2/15)

Altars:

Annotations:
D:2 Ijyb


Message History

You feel very sick. Ijyb barely misses you.
You closely miss Ijyb.
Ijyb is severely wounded.
You feel very sick. You block Ijyb's attack.
You hit Ijyb.
Ijyb is almost dead.
You feel very sick. Ijyb hits you but does no damage.
You are more poisoned.
Ijyb hits you but does no damage.
You are more poisoned.
You closely miss Ijyb.
Ijyb is almost dead.
You feel very sick. Ijyb hits you but does no damage.
You hit Ijyb but do no damage.
Ijyb is almost dead.
You die...

#........########
#................
#........########
#.###.#.........?
#######.###.#..........
..........#.#..........
#####.###.#.#.#..........
8.8.8.%%)................
g......g@................
.......#.......##########
.......#.......#
...............#
........)...#.##
8.8.8..####...# #######
###.. .#


You could see Ijyb.

Vanquished Creatures
  A gnoll (D:1)
  An adder (D:2)
  2 worms (D:2)
  A bat (D:1)
  A giant cockroach (D:2)
  5 hobgoblins
  3 jackals (D:2)
  A quokka (D:2)
  2 frilled lizards
  9 goblins
  4 kobolds
  7 rats (D:1)
37 creatures vanquished.

Notes
Turn   | Place    | Note
-------+----------+-------------------------------------------
     0 | D:1      | gbos the Gnoll Fighter began the quest for the Orb.
     0 | D:1      | Reached XP level 1. HP: 23/23 MP: 1/1
     0 | D:1      | 0 ||| counter = 287
   171 | D:1      | Reached XP level 2. HP: 28/29 MP: 2/2
   402 | D:1      | Reached XP level 3. HP: 35/35 MP: 3/3
   627 | D:1      | 627 ||| READING scroll labeled SAG LOIXKALO.
   628 | D:1      | 628 ||| READING scroll labeled DIHOPN LIXIAPH.
   629 | D:1      | 629 ||| READING scroll labeled ITSUSOK EZOE.
   630 | D:1      | 630 ||| READING scroll labeled HITAEN MOEPRE.
   654 | D:2      | 654 ||| STAIRDANCE
   883 | D:2      | Reached skill level 1 in Invocations
  1171 | D:2      | Reached skill level 1 in Short Blades
  1171 | D:2      | Reached skill level 1 in Long Blades
  1171 | D:2      | Reached skill level 1 in Maces & Flails
  1171 | D:2      | Reached skill level 1 in Polearms
  1171 | D:2      | Reached skill level 1 in Staves
  1171 | D:2      | Reached skill level 1 in Slings
  1171 | D:2      | Reached skill level 1 in Bows
  1171 | D:2      | Reached skill level 1 in Crossbows
  1171 | D:2      | Reached skill level 1 in Throwing
  1171 | D:2      | Reached skill level 1 in Dodging
  1171 | D:2      | Reached skill level 1 in Stealth
  1171 | D:2      | Reached skill level 1 in Unarmed Combat
  1171 | D:2      | Reached skill level 1 in Spellcasting
  1171 | D:2      | Reached skill level 1 in Evocations
  1180 | D:2      | Noticed Ijyb
  1185 | D:2      | Reached XP level 4. HP: 41/41 MP: 5/5
  1200 | D:2      | HP: 10/41 [poisoned by Ijyb]
  1202 | D:2      | HP: 3/41 [poisoned by Ijyb]
  1203 | D:2      | Succumbed to Ijyb's poison

Levels and vault maps discovered:
D:1:      minmay_arrival_nine_rooms, layout_basic
D:2:      kennysheep_the_goblin_king, layout_basic

Skill      XL: |  1  2  3 |
---------------+----------+-----
Invocations    | 1 |  1.1
Short Blades   | 1 |  1.0
Long Blades    | 1 |  1.0
Maces & Flails | 1 |  1.0
Polearms       | 1 |  1.0
Staves         | 1 |  1.0
Slings         | 1 |  1.0
Bows           | 1 |  1.0
Crossbows      | 1 |  1.0
Throwing       | 1 |  1.0
Dodging        | 1 |  1.0
Stealth        | 1 |  1.0
Unarmed Combat | 1 |  1.0
Spellcasting   | 1 |  1.0
Evocations     | 1 |  1.0
Fighting       | |  6.5
Axes           | |  4.6
Armour         | |  6.5
Shields        | |  6.5
Conjurations   | |  0.7
Hexes          | |  0.7
Charms         | |  0.7
Summonings     | |  0.7
Necromancy     | |  0.7
Translocations | |  0.7
Transmutations | |  0.7
Fire Magic     | |  0.7
Ice Magic      | |  0.7
Air Magic      | |  0.7
Earth Magic    | |  0.7
Poison Magic   | |  0.7

Action                   |  1- 3 |  4- 6 || total
-------------------------+-------+-------++-------
Melee: War axe           |    93 |    18 ||   111
       Bite              |     8 |     4 ||    12
  Use: Scroll            |     4 |       ||     4
  Eat: Chunk             |     1 |       ||     1
Armor: Scale mail        |    28 |    11 ||    39
Dodge: Dodged            |    25 |     5 ||    30
Block: Kite shield       |    25 |    11 ||    36

Table legend:
 A = Non-vault XP
 B = Vault XP
 C = Vault XP percentage of total XP
 D = Non-vault monster count
 E = Vault monster count
 F = Vault count percentage of total count
                 A         B        C        D         E       F
            +---------+---------+-------+---------+---------+-------
      Total |      79 |      12 |  13.2 |      31 |       6 |  16.2
            +---------+---------+-------+---------+---------+-------
        D:1 |      36 |       0 |   0.0 |      17 |       0 |   0.0
        D:2 |      43 |      12 |  21.8 |      14 |       6 |  30.0
            +---------+---------+-------+---------+---------+-------
